 Dungeon Crawl Stone Soup version 0.24-a0-639-gb70a11d811 (webtiles) character file.

Game seed: 627253761024320440, levelgen mode: deterministic

49119 Ijustatesigmund the Contemplative (level 14, -3/132 HPs)
             Began as a Hill Orc Fighter on Sept 23, 2019.
             Was a Priest of Cheibriados.
             Slain by a skeletal warrior
             ... wielding a +0 glaive
              (6 damage)
             ... on level 14 of the Dungeon.
             The game lasted 00:37:35 (20078 turns).

Ijustatesigmund the Contemplative (HOFi)           Turns: 20078, Time: 00:37:36

Health: -3/132     AC: 22    Str: 31    XL:     14   Next: 49%
Magic:  35/35      EV: 22    Int: 17    God:    Cheibriados [***...]
Gold:   491        SH: 21    Dex: 17    Spells: 13/13 levels left

rFire    . . .     SeeInvis +   a - +1 broad axe (freeze)
rCold    . . .     Gourm    .   c - +2 large shield
rNeg     . . .     Faith    .   B - +1 plate armour {MR+}
rPois    .         Spirit   .   (helmet restricted)
rElec    .         Reflect  .   p - +0 cloak of Gestures {Str+3 Dex-4 SInv}
rCorr    +         Harm     .   (no gloves)
MR       ++...                  r - +0 pair of boots
Stlth    ..........             j - amulet of the acrobat
HPRegen  0.32/turn              g - +2 ring of protection
MPRegen  0.24/turn              y - ring "Jazaqig" {rCorr MP+9 SInv}

@: acrobat, very slightly contaminated, very slow
A: antennae 1, slimy green scales 1, mutation resistance 1
a: Bend Time, Temporal Distortion, Renounce Religion


You were on level 14 of the Dungeon.
You worshipped Cheibriados.
Cheibriados was most pleased with you.
You were not hungry.

You visited 2 branches of the dungeon, and saw 16 of its levels.
You visited the Abyss 1 time.

You collected 1017 gold pieces.
You spent 526 gold pieces at shops.

Inventory:

Hand Weapons
 a - a +1 broad axe of freezing (weapon)
 e - a +5 flail of venom
Armour
 c - a +2 large shield (worn)
 m - a +0 troll leather armour
 p - the +0 cloak of Gestures (worn) {Str+3 Dex-4 SInv}
   (You found it on level 8 of the Dungeon)

   It affects your strength (+3).
   It affects your dexterity (-4).
   It lets you see invisible.
 r - a +0 pair of boots (worn)
 B - a +1 plate armour of magic resistance (worn)
Jewellery
 g - a +2 ring of protection (left hand)
 j - an amulet of the acrobat (around neck)
 s - a +3 ring of dexterity
 w - an uncursed ring of ice
 y - the ring "Jazaqig" (right hand) {rCorr MP+9 SInv}
   (You found it on level 13 of the Dungeon)

   [ring of resist corrosion]

   It affects your magic capacity (+9).
   It lets you see invisible.
   It provides partial protection from all sources of acid and corrosion.
 A - the ring of Odill {Str+6 Int-3 Dex+4 Stlth-}
   (You found it on level 14 of the Dungeon)

   [ring of intelligence]

   It affects your strength (+6).
   It affects your intelligence (-3).
   It affects your dexterity (+4).
   It makes you less stealthy.
Wands
 q - a wand of polymorph (9)
 t - a wand of iceblast (6)
 D - a wand of disintegration (23)
Scrolls
 d - 6 scrolls of identify
 i - 2 scrolls of amnesia
 k - 6 scrolls of remove curse
 l - a scroll of fear
 o - a scroll of immolation
Potions
 n - 3 potions of magic
 v - a potion of cancellation
 z - 2 potions of mutation
Comestibles
 f - 25 rations


   Skills:
 + Level 14.2 Fighting
 - Level 15.5 Axes
 - Level 10.3 Armour
 - Level 4.0 Dodging
 + Level 8.1 Shields
 + Level 16.6 Invocations


You had 13 spell levels left.
You didn't know any spells.
Your spell library contained the following spells:

 Spells                   Type           Power        Failure   Level  Hunger
 Animate Skeleton         Necr           N/A          100%        1    ##.....
 Apportation              Tloc           #.....       100%        1    ##.....
 Confusing Touch          Hex            #.....       100%        1    ##.....
 Corona                   Hex            #......      100%        1    ##.....
 Summon Small Mammal      Summ           #...         100%        1    ##.....
 Ensorcelled Hibernation  Hex/Ice        #.....       100%        2    ###....
 Confuse                  Hex            #.......     100%        3    ####...
 Dazzling Spray           Conj/Hex       #.....       100%        3    ####...
 Recall                   Summ/Tloc      N/A          100%        3    ####...
 Tukima's Dance           Hex            #.......     100%        3    ####...
 Animate Dead             Necr           N/A          100%        4    #####..
 Borgnjor's Vile Clutch   Necr/Erth      #.........   100%        5    ######.
 Death Channel            Necr           #.........   100%        6    #######
 Simulacrum               Ice/Necr       #.........   100%        6    #######


Dungeon Overview and Level Annotations

Branches:
Dungeon (15/15)            Temple (1/1) D:7            Lair (0/6) D:8
    Orc (0/2) D:10         Vaults (0/5) D:14
 Depths: D:15

Altars:
Cheibriados
Elyvilon
Fedhas
Makhleb
Nemelex Xobeh
Qazlal
Ru
Sif Muna
Uskayaw
Wu Jian
Xom
The Shining One

Shops:
D:15 ?


Innate Abilities, Weirdness & Mutations

You have a pair of small antennae on your head.
You are partially covered in slimy green scales. (AC +2)
You are somewhat resistant to further mutation.


Message History

You closely miss the skeletal warrior.
The skeletal warrior is heavily damaged.
Your shield and plate armour prevent you from hitting the skeletal warrior.
The skeletal warrior hits you with a +0 glaive.
* * * LOW HITPOINT WARNING * * *
You block the skeletal warrior's attack.
You slash the skeletal warrior!
The skeletal warrior is severely damaged.
You barely miss the skeletal warrior.
You block the skeletal warrior's attack.
You hit the skeletal warrior but do no damage.
The skeletal warrior is severely damaged.
You closely miss the skeletal warrior.
You block the skeletal warrior's attack. x2
You closely miss the skeletal warrior.
The skeletal warrior is severely damaged.
You slash the skeletal warrior! You freeze the skeletal warrior.
You block the skeletal warrior's attack.
The skeletal warrior hits you from afar with a +0 glaive.
You die...

#....# #.....# #..#.#
#.....#
#....#####.#############
#.......##.#....<.......
#....##.#..#..####......
#.......#..#..####......
#.......'..#............
#.....).#'#########.###.
#....zz@....# #.....
#.....####..# #.....
#.....####..# #.....
#...........# #.....
#........#### #.....
#.#####..# #.....
#.#####..# #.....
#.zz.....### #####...[#
#....>.....####.........


You could see 2 skeletal warriors.

Vanquished Creatures
  A tentacled monstrosity (Abyss:3)
  A tentacled starspawn (Abyss:3)
  Louise (D:14)
  The ghost of Saceivu the Scholar, a journeyman DEFE of Sif Muna (D:14)
  A yellow draconian (Abyss:3)
  Fannar (D:12)
  5 vault guards (D:14)
  2 two-headed ogres (D:15)
  A death knight (D:15)
  A centaur warrior (D:14)
  The ghost of bmj180 the Geomancer, a journeyman GrEE of Sif Muna (D:9)
  A tengu warrior (D:14)
  2 thrashing horrors (Abyss:3)
  Nergalle (D:12)
  A deep elf knight (D:14)
  A spatial maelstrom (Abyss:3)
  A wretched star (Abyss:3)
  6 unseen horrors
  The ghost of thefreepie the Ruffian, a novice TrHu of Makhleb (D:6)
  4 skeletal warriors
  An orc knight (D:13)
  An ugly thing (D:11)
  2 manticores
  2 cyclopes
  5 centaur zombies
  3 gargoyles
  A smoke demon (Abyss:3)
  A yaktaur (D:14)
  3 efreet
  A kobold demonologist (D:12)
  2 freezing wraiths
  2 tengu conjurers (D:14)
  2 large abominations (Abyss:3)
  A hornet (D:8)
  4 trolls
  11 slime creatures (D:14)
  A dream sheep (shapeshifter) (D:15)
  6 hippogriffs
  2 blink frogs (Abyss:3)
  A meliai zombie (D:13)
  2 wraiths (D:15)
  A wyvern (D:7)
  3 hogs (D:7)
  2 shadows
  6 yaks
  A basilisk (D:12)
  A vampire (D:14)
  6 neqoxecs (D:14)
  2 steam dragons
  4 hungry ghosts
  Menkaure (D:6)
  A soldier ant (D:15)
  Edmund (D:5)
  A hornet zombie (D:14)
  A swamp drake (D:10)
  5 water moccasins
  3 ice beasts
  9 orc warriors
  2 sky beasts
  2 phantoms
  2 black bears
  A necrophage (D:12)
  2 eyes of draining
  12 ogres
  8 centaurs
  3 big kobolds
  11 bullfrogs
  A scorpion (D:11)
  5 killer bees
  3 wights (D:9)
  A spriggan skeleton (D:10)
  2 howler monkeys
  A bullfrog zombie (D:13)
  10 crimson imps
  5 hounds
  2 jellies
  5 quasits
  8 orc priests
  2 bullfrog skeletons
  13 orc wizards
  9 centaur skeletons
  6 iguanas
  11 worker ants
  2 hound skeletons (D:5)
  4 gnolls (D:10)
  A howler monkey zombie (D:11)
  9 adders
  A shadow imp (D:11)
  2 oozes
  An adder zombie (D:5)
  3 worms
  2 dart slugs
  8 leopard geckos
  66 orcs
  2 bats
  3 giant cockroaches
  3 goblins
  12 hobgoblins
  3 jackals
  23 kobolds
  A quokka (D:5)
  5 frilled lizards
  A quokka zombie (D:6)
  5 rats
420 creatures vanquished.

Vanquished Creatures (others)
  2 starspawn tentacles (Abyss:3)
2 creatures vanquished.

Grand Total: 422 creatures vanquished

Notes
Turn   | Place    | Note
-------+----------+-------------------------------------------
     0 | D:1      | Ijustatesigmund the Hill Orc Fighter began the quest for
                  | the Orb.
     0 | D:1      | Reached XP level 1. HP: 19/19 MP: 1/1
   196 | D:1      | Reached XP level 2. HP: 26/26 MP: 2/2
   756 | D:2      | Reached XP level 3. HP: 24/31 MP: 3/3
  1139 | D:2      | Reached skill level 5 in Axes
  1184 | D:2      | Found a snail-covered altar of Cheibriados.
  1355 | D:2      | Found a faded altar of an unknown god.
  1498 | D:3      | Reached XP level 4. HP: 39/39 MP: 4/4
  1909 | D:2      | Became a worshipper of Cheibriados the Contemplative
  2327 | D:3      | Found a glowing golden altar of the Shining One.
  2332 | D:3      | Found a white marble altar of Elyvilon.
  2335 | D:3      | Found a hide-covered altar of Uskayaw.
  2611 | D:4      | Reached skill level 1 in Invocations
  2611 | D:4      | Reached XP level 5. HP: 34/46 MP: 4/6
  2687 | D:4      | Noticed an ogre
  2695 | D:4      | Killed an ogre
  2695 | D:4      | Reached skill level 2 in Invocations
  2971 | D:4      | Reached XP level 6. HP: 37/53 MP: 6/8
  2980 | D:4      | Reached skill level 3 in Invocations
  3286 | D:4      | Reached skill level 5 in Fighting
  3600 | D:4      | Reached skill level 4 in Invocations
  3600 | D:4      | Reached XP level 7. HP: 33/61 MP: 8/10
  4000 | D:4      | Found a shimmering blue altar of Sif Muna.
  4088 | D:5      | Entered Level 5 of the Dungeon
  4366 | D:4      | Reached * piety under Cheibriados
  4631 | D:5      | Reached skill level 5 in Invocations
  4888 | D:5      | Found a burning altar of Makhleb.
  4896 | D:5      | Found a stormy altar of Qazlal.
  4928 | D:5      | Reached XP level 8. HP: 13/71 MP: 12/12
  5339 | D:5      | Reached skill level 6 in Invocations
  5600 | D:6      | Noticed Menkaure
  5607 | D:6      | Noticed Eustachio
  5610 | D:6      | Noticed Edmund
  5612 | D:6      | Killed Menkaure
  6082 | D:5      | Killed Edmund
  6082 | D:5      | Reached ** piety under Cheibriados
  6117 | D:5      | HP: 3/73 [poisoned by Edmund]
  6123 | D:5      | HP: 2/73 [poisoned by Edmund]
  6129 | D:5      | HP: 2/73 [poisoned by Edmund]
  6138 | D:5      | HP: 3/73 [poisoned by Edmund]
  6481 | D:6      | Reached skill level 7 in Invocations
  6500 | D:6      | Reached skill level 5 in Armour
  6500 | D:6      | Reached XP level 9. HP: 65/80 MP: 14/14
  6839 | D:6      | Found a runed translucent gate.
  6839 | D:6      | Found a runed translucent gate.
  6840 | D:6      | Found a runed translucent gate.
  6843 | D:6      | Noticed thefreepie's ghost (novice TrHu)
  6844 | D:6      | Noticed a skeletal warrior
  6904 | D:6      | Noticed Eustachio
  6904 | D:6      | Eustachio changed into Eustachio the steam dragon
  6912 | D:6      | Killed Eustachio the steam dragon
  7303 | D:7      | Reached skill level 10 in Axes
  7364 | D:7      | Reached skill level 8 in Invocations
  7396 | D:7      | HP: 4/82 [poisoned by a kobold]
  7403 | D:7      | HP: 4/82 [poisoned by a kobold]
  7410 | D:7      | HP: 4/82 [poisoned by a kobold]
  8025 | D:7      | Found a staircase to the Ecumenical Temple.
  8315 | Temple   | Entered the Ecumenical Temple
  8513 | D:7      | Reached *** piety under Cheibriados
  8531 | D:7      | Reached skill level 5 in Shields
  8531 | D:7      | Reached skill level 9 in Invocations
  8531 | D:7      | Reached XP level 10. HP: 47/91 MP: 16/16
  8881 | D:8      | Found a blossoming altar of Fedhas.
  8940 | D:8      | Found an ornate altar of the Wu Jian Council.
  8962 | D:8      | Paralysed by a hornet for 1 turns
  8965 | D:8      | Paralysed by a hornet for 1 turns
  9419 | D:8      | Got a steaming cloak
  9425 | D:8      | Identified the cursed +0 cloak of Gestures {Str+3 Dex-4
                  | SInv} (You found it on level 8 of the Dungeon)
  9508 | D:8      | Found a staircase to the Lair.
  9961 | D:9      | Gained mutation: You have a pair of small antennae on your
                  | head. [potion of mutation]
  9961 | D:9      | Gained mutation: You are partially covered in slimy green
                  | scales. (AC +2) [potion of mutation]
  9961 | D:9      | Gained mutation: You are robust. (+10% HP) [potion of
                  | mutation]
  9961 | D:9      | Gained mutation: You are somewhat resistant to further
                  | mutation. [potion of mutation]
  9979 | D:9      | Reached **** piety under Cheibriados
  9979 | D:9      | Reached skill level 1 in Dodging
 10302 | D:9      | Found a runed translucent gate.
 10302 | D:9      | Found a runed translucent gate.
 10302 | D:9      | Found a runed translucent gate.
 10304 | D:9      | Noticed bmj180's ghost (journeyman GrEE)
 10348 | D:9      | Found a snail-covered altar of Cheibriados.
 10350 | D:9      | Found a sparkling altar of Nemelex Xobeh.
 10502 | D:10     | Entered Level 10 of the Dungeon
 10573 | D:10     | Noticed a manticore
 10594 | D:10     | Killed a manticore
 10613 | D:10     | Reached skill level 10 in Fighting
 11087 | D:10     | Reached XP level 11. HP: 110/112 MP: 18/18
 11104 | D:10     | Noticed an unseen horror
 11148 | D:10     | Killed an unseen horror
 11300 | D:10     | Reached ***** piety under Cheibriados
 11351 | D:10     | Found a staircase to the Orcish Mines.
 11733 | D:11     | Noticed a cyclops
 11747 | D:11     | Killed a cyclops
 11747 | D:11     | Reached skill level 10 in Invocations
 11897 | D:11     | Noticed a green ugly thing
 11914 | D:11     | Killed a green ugly thing
 12427 | D:11     | Noticed an unseen horror
 12444 | D:11     | Killed an unseen horror
 12466 | D:11     | Reached skill level 11 in Invocations
 12595 | D:11     | Noticed an unseen horror
 12602 | D:11     | Killed an unseen horror
 13071 | D:12     | Noticed an unseen horror
 13092 | D:12     | Killed an unseen horror
 13092 | D:12     | Reached skill level 12 in Invocations
 13140 | D:12     | Reached XP level 12. HP: 117/123 MP: 21/21
 13227 | D:12     | Noticed Nergalle
 13232 | D:12     | Killed Nergalle
 13277 | D:12     | Noticed Fannar
 13293 | D:12     | Killed Fannar
 13885 | D:13     | Reached ****** piety under Cheibriados
 14188 | D:13     | Reached skill level 13 in Invocations
 14390 | D:13     | Got a warped lead ring
 14397 | D:13     | Identified the ring "Jazaqig" {rCorr MP+9 SInv} (You found
                  | it on level 13 of the Dungeon)
 15260 | D:14     | Noticed a vault guard
 15357 | D:14     | Noticed a vault guard
 15387 | D:14     | Reached skill level 15 in Axes
 15387 | D:14     | Reached skill level 14 in Invocations
 15739 | D:14     | Killed a vault guard
 15739 | D:14     | Reached XP level 13. HP: 119/129 MP: 23/23
 15746 | D:14     | Noticed Louise
 15747 | D:14     | Noticed a vault guard
 16192 | D:14     | Found a transporter.
 16195 | D:14     | Noticed Saceivu's ghost (journeyman DEFE)
 16379 | D:6      | Killed thefreepie's ghost
 16757 | D:9      | Killed bmj180's ghost
 17393 | D:14     | Cast into level 3 of the Abyss (Louise)
 17406 | Abyss:3  | Found a corrupted altar of Lugonu.
 17508 | Abyss:3  | Reached skill level 15 in Invocations
 17527 | Abyss:3  | Noticed a tentacled monstrosity
 17538 | Abyss:3  | Killed a tentacled monstrosity
 17617 | Abyss:3  | Noticed a yellow draconian
 17630 | Abyss:3  | HP: 3/130 [yellow draconian/+0 flail of holy wrath (5)]
 17634 | Abyss:3  | Killed a yellow draconian
 17634 | Abyss:3  | Reached skill level 10 in Armour
 17676 | Abyss:3  | Noticed a black draconian knight
 17868 | Abyss:3  | Noticed a tentacled starspawn
 17874 | Abyss:3  | Killed a tentacled starspawn
 17876 | D:14     | Escaped the Abyss
 17906 | D:14     | Killed Louise
 18079 | D:14     | Noticed a vault guard
 18080 | D:14     | Noticed a vault guard
 18090 | D:14     | Killed a vault guard
 18093 | D:14     | Killed a vault guard
 18093 | D:14     | Reached XP level 14. HP: 101/141 MP: 25/25
 18102 | D:14     | Found a gate to the Vaults.
 18150 | D:14     | Reached skill level 16 in Invocations
 18311 | D:14     | Found a transporter.
 18335 | D:14     | Lost mutation: You are robust. (+10% HP) [a neqoxec]
 18345 | D:14     | Killed Saceivu's ghost
 18386 | D:14     | Got the ring of Odill {Int-3}
 18391 | D:14     | Identified the cursed ring of Odill {Str+6 Int-3 Dex+4
                  | Stlth-} (You found it on level 14 of the Dungeon)
 19390 | D:15     | Entered Level 15 of the Dungeon
 19402 | D:15     | Found Totzin's Magic Scroll Shop.
 19425 | D:15     | Bought a scroll of fear for 59 gold pieces
 19425 | D:15     | Bought a scroll of brand weapon for 340 gold pieces
 19425 | D:15     | Bought a scroll of blinking for 127 gold pieces
 20072 | D:14     | HP: 3/132 [skeletal warrior/+0 short sword[a skeletal
                  | warrior] (7)]
 20078 | D:14     | Slain by a skeletal warrior

Levels and vault maps discovered:
D:1:      elethiomel_arrival_infinity_welcomes_careful_drivers,
          layout_loops_cross, serial_park_tiny_2
D:2:      layout_rooms, lemuel_coloured_pillars_altar,
          chequers_ecumenical_altar_twisty
D:3:      layout_basic, minmay_overflow_temple_star_quad, first_ration
D:4:      layout_cave_pools, led_sif_pool, chequers_serial_rivers_micro_d,
          serial_park_tiny_pond, corexii_corridor_pit
D:5:      layout_cave_pools, nicolae_overflow_hidden_temple
D:6:      layout_basic, gammafunk_ghost_split, uniq_edmund, uniq_eustachio,
          uniq_menkaure
D:7:      layout_basic, minmay_temple_entry_metal_lava, grunt_livestock
D:8:      layout_rooms, overflow_temple_1_default, overflow_temple_1_default,
          lair_entry_dummy
D:9:      layout_cave_pools, lemuel_round_altar, ebering_ghost_rock_garden,
          basic_altar
D:10:     layout_basic, erik_orc_1, hangedman_tell_no_tales
D:11:     layout_long_grid, minmay_liquid_box, chequers_mini_garden
D:12:     layout_gridville, serial_co_window_serial, co_window_paths_a,
          co_window_paths_a, co_window_corner_a, co_window_paths_a,
          co_window_cross_1, co_window_paths_a, co_window_paths_a,
          co_window_corner_a, co_window_paths_a, co_window_unsneaky_path_d,
          co_window_unsneaky_path_e, co_window_broadway_a, co_window_corner_ca,
          co_window_unsneaky_path_c, co_window_paths_c,
          co_window_unsneaky_path_b, glass_columns_c, uniq_fannar, uniq_nergalle
D:13:     cheibrodos_orc_bank, layout_cross
D:14:     layout_stronghold, grunt_vaults_entry_fortified,
          gammafunk_ghost_stat_death, minmay_misc_feat_tower, uniq_louise
D:15:     gammafunk_enter_depths_forms, layout_irregular_city, serial_shops,
          nicolae_shop_crystal
Temple:   nicolae_temple_hex_pool

Skill      XL: |  1  2  3  4  5  6  7  8  9 10 11 12 13 14 |
---------------+-------------------------------------------+-----
Axes           | 3 4 5 6 7 8 9 10 11 13 15 | 15.5
Fighting       | 4 5 6 7 9 11 12 13 14 | 14.2
Invocations    | 1 2 4 5 7 9 12 14 15 16 | 16.6
Armour         | 5 8 10 | 10.3
Shields        | 5 6 8 |  8.1
Dodging        | 4 |  4.0

Action                   |  1- 3 |  4- 6 |  7- 9 | 10-12 | 13-15 || total
-------------------------+-------+-------+-------+-------+-------++-------
Melee: War axe           |   125 |   125 |   347 |   193 |       ||   790
       Unarmed           |       |       |     3 |       |       ||     3
       Broad axe         |       |       |       |   519 |   374 ||   893
Invok: Slouch            |       |       |       |     3 |    11 ||    14
       Bend Time         |       |       |       |     1 |     1 ||     2
Evoke: Wand              |       |       |     4 |     8 |     6 ||    18
  Use: Scroll            |       |    10 |     7 |     9 |    17 ||    43
       Potion            |       |     5 |     3 |     3 |     4 ||    15
  Eat: Chunk             |       |     9 |     8 |    14 |     1 ||    32
       Ration            |       |       |       |     2 |     2 ||     4
Armor: Scale mail        |    38 |    16 |       |       |       ||    54
       Chain mail        |       |    66 |   129 |   287 |    14 ||   496
       Skin              |       |       |     1 |       |       ||     1
       Plate armour      |       |       |       |       |   109 ||   109
Dodge: Dodged            |    38 |    29 |    77 |   225 |   118 ||   487
Block: Shield            |    72 |    78 |   169 |   486 |   101 ||   906
       Large shield      |       |       |       |       |   215 ||   215

Table legend:
 A = Non-vault XP
 B = Vault XP
 C = Vault XP percentage of total XP
 D = Non-vault monster count
 E = Vault monster count
 F = Vault count percentage of total count
                 A         B        C        D         E       F
            +---------+---------+-------+---------+---------+-------
      Total |   50031 |   20140 |  28.7 |     340 |      80 |  19.0
            +---------+---------+-------+---------+---------+-------
        D:1 |      23 |       0 |   0.0 |      11 |       0 |   0.0
        D:2 |      53 |       0 |   0.0 |      20 |       0 |   0.0
        D:3 |      58 |       0 |   0.0 |      15 |       0 |   0.0
        D:4 |     754 |       0 |   0.0 |      26 |       0 |   0.0
        D:5 |     821 |     153 |  15.7 |      18 |       1 |   5.3
        D:6 |     482 |    2218 |  82.1 |       9 |       9 |  50.0
        D:7 |    1202 |    1002 |  45.5 |      25 |       5 |  16.7
        D:8 |    1198 |       0 |   0.0 |      18 |       0 |   0.0
        D:9 |     987 |     871 |  46.9 |      19 |       1 |   5.0
       D:10 |    2320 |    1720 |  42.6 |      27 |      24 |  47.1
       D:11 |    5610 |       0 |   0.0 |      34 |       0 |   0.0
       D:12 |    2318 |    1809 |  43.8 |      30 |       2 |   6.2
       D:13 |    4341 |     924 |  17.5 |      18 |      17 |  48.6
       D:14 |   11367 |   11443 |  50.2 |      41 |      21 |  33.9
       D:15 |    6682 |       0 |   0.0 |      15 |       0 |   0.0
    Abyss:3 |   11815 |       0 |   0.0 |      14 |       0 |   0.0
            +---------+---------+-------+---------+---------+-------
